 Dungeon Crawl Stone Soup version 0.27.1-34-g3ba077fa99 (webtiles) character file.

Game seed: 8143578358066439426

39 cbfl8 the Stinger (level 3, -1/26 HPs)
             Began as a Minotaur Wanderer on Jan 18, 2022.
             Slain by Sigmund (6 damage)
             ... on level 2 of the Dungeon.
             The game lasted 00:02:34 (1416 turns).

cbfl8 the Stinger (Minotaur Wanderer)               Turns: 1416, Time: 00:02:35

Health: -1/26      AC:  8    Str: 17    XL:     3   Next: 26%
Magic:  2/2        EV:  9    Int:  9    God:
Gold:   69         SH:  0    Dex:  9    Spells: 1/2 levels left

rFire    . . .     SeeInvis .   f - +0 dagger
rCold    . . .     Faith    .   (no shield)
rNeg     . . .     Spirit   .   c - +2 scale mail
rPois    .         Reflect  .   (helmet restricted)
rElec    .         Harm     .   (no cloak)
rCorr    .         Rampage  .   (no gloves)
Will     .....                  (no boots)
Stlth    ..........             (no amulet)
HPRegen  0.08/turn              (no ring)
MPRegen  0.08/turn              (no ring)

@: no status effects
A: horns 2, retaliatory headbutt
a: no special abilities


You were on level 2 of the Dungeon.
You visited 1 branch of the dungeon, and saw 2 of its levels.

You collected 69 gold pieces.

Inventory:

Hand Weapons
 a - a +0 club
 d - a +0 dagger
 f - a +0 dagger (weapon)
Armour
 c - a +2 scale mail (worn)
Scrolls
 b - a scroll of teleportation
 e - a scroll of fog {unknown}
 h - a scroll of amnesia {unknown}
 i - a scroll of torment {unknown}
 j - a scroll of identify {unknown}


   Skills:
 + Level 0.3 Short Blades
 + Level 2.5 Maces & Flails
 + Level 1.7 Armour
 + Level 0.7 Dodging
 + Level 2.1 Stealth
 + Level 1.5 Conjurations
 + Level 2.6 Poison Magic


You had one spell level left.
You knew the following spells:

 Your Spells              Type           Power      Damage    Failure   Level
a - Sandblast             Erth           0%         2d4       80%         1

Your spell library contained the following spells:

 Spells                   Type           Power      Damage    Failure   Level
 Passwall                 Tmut/Erth      0%         N/A       91%         2
 Stone Arrow              Conj/Erth      2%         3d7       97%         3
 Lee's Rapid Deconstruct  Erth           0%         3d5*      100%        5


Dungeon Overview and Level Annotations

Branches:
Dungeon (2/15)

Altars:

Annotations:
D:2 Sigmund


Innate Abilities, Weirdness & Mutations

You have a pair of horns on your head.
You reflexively headbutt those who attack you in melee.


Message History

Unknown command.
You hit Sigmund but do no damage. You headbutt Sigmund.
Sigmund is heavily wounded.
Sigmund hits you but does no damage.
It was a potion of curing.
You feel better. Sigmund hits you with a +0 scythe.
You closely miss Sigmund.
Sigmund is heavily wounded.
Unknown command.
You hit Sigmund.
Sigmund is heavily wounded.
Sigmund drinks a potion.
Sigmund is healed!
Unknown command.
You hit Sigmund.
Sigmund is lightly wounded.
Sigmund hits you but does no damage.
Unknown command.
You hit Sigmund but do no damage.
Sigmund is lightly wounded.
Sigmund hits you with a +0 scythe.
* * * LOW HITPOINT WARNING * * *
Unknown command.
You hit Sigmund.
Sigmund is lightly wounded.
Unknown command.
You barely miss Sigmund. Your headbutt misses Sigmund.
Sigmund is lightly wounded.
Sigmund closely misses you.
Unknown command.
You hit Sigmund but do no damage.
Sigmund is lightly wounded.
Sigmund hits you but does no damage.
Unknown command.
You hit Sigmund but do no damage.
Sigmund is lightly wounded.
Unknown command.
You closely miss Sigmund.
Sigmund is lightly wounded.
Sigmund says, "Your kind have come here before.
I understand now why.
You desire death..."
Sigmund hits you with a +0 scythe.
You die...

...'...+>....#
####...#.#.#.#
####...#...#.#
.......+..##.#
#..#...#.###.#
##.#.....# #)#
#.......#
#.#####
##......#
#.....#
#......#
#####@#
.......... #@#
####.###.###
#.# #.. #.#
..# ## .# ###


You could see Sigmund.

Vanquished Creatures
  An adder (D:2)
  2 dart slugs (D:1)
  4 bats
  3 endoplasms (D:1)
  A giant cockroach (D:1)
  3 hobgoblins
  4 kobolds (D:1)
  A ball python (D:1)
  4 frilled lizards
  2 goblins
  A rat (D:1)
26 creatures vanquished.

Notes
Turn   | Place    | Note
-------+----------+-------------------------------------------
     0 | D:1      | cbfl8 the Minotaur Wanderer began the quest for the Orb.
     0 | D:1      | cbfl8 set off with the following items: a +0 club, a scroll
                  | of teleportation, a +2 scale mail, a +0 dagger; and the
                  | following spell memorised: Sandblast; and the following
                  | spells available to memorise: Stone Arrow
     0 | D:1      | Reached XP level 1. HP: 14/14 MP: 0/0
    94 | D:1      | Reached XP level 2. HP: 8/20 MP: 1/1
   353 | D:1      | Found a faded altar of an unknown god.
  1077 | D:2      | Reached XP level 3. HP: 19/26 MP: 2/2
  1387 | D:2      | Noticed Sigmund
  1416 | D:2      | Slain by Sigmund

Illustrated notes

Levels and vault maps discovered:
D:1:      tarquinn_simple_flora_water_b, layout_rooms,
          dreamdust_ecumenical_altar_angels_and_demons
D:2:      layout_basic, item_on_display_a, uniq_natasha, uniq_sigmund,
          uniq_jessica

Skill      XL: |  1 |
---------------+----+-----
Stealth        | 2 |  2.1
Short Blades   | |  0.3
Maces & Flails | |  2.5
Armour         | |  1.7
Dodging        | |  0.7
Conjurations   | |  1.5
Poison Magic   | |  2.6

Action                   || total
-------------------------++-------
Melee: Dagger            ||   107
       Headbutt          ||    18
       Club              ||     2
  Use: Potion            ||     1
Armor: Scale mail        ||    79
Dodge: Dodged            ||    71
